AoeStats
← ELEG | perseo_777

Coastal Forest

512717841Analyzed
4v4 RM · 27d ago on Oct 10, 2026· 18m 15s· 8 players
Game mode
Random Map
Map size
Large (8 player)
Population
200
Speed
Normal
Resources
Standard
Victory
Conquest
Starting age
Dark Age
Ending age
Imperial Age
RankedLock teamsTeams togetherTeam positionsShared explorationLock speedFull tech treeHidden civsTurbo modeCheats
Victory
Defeat
🇨🇴 Mongols · Colombia
1534
+10
🇨🇴 Vietnamese · Colombia
1476
+12
🇨🇴 Malians · Colombia
1446
+13
🇲🇽 Khmer · Mexico
1210
+24
vs
🇨🇿 Bohemians · Czechia
1389
-15
🇧🇷 Magyars · Brazil
1388
-15
🇫🇷 Franks · France
1387
-14
🇨🇱 Hindustanis · Chile
1385
-15
LaPosta
1:13 Loom
3:03 Loom
10:51 Feudal Age
11:33 Double-Bit Axe
16:53 Castle Age
15:41 Fishing Lines
16:26 Stone Mining
17:53 Wheelbarrow
18:11 Gillnets
Evil Walks
6:47 Loom
9:45 Feudal Age
PetersCZ
9:02 Feudal Age
10:06 Double-Bit Axe
12:19 Loom
13:22 Fletching
17:26 Padded Archer Armor
tchesgos
7:15 Loom
9:42 Feudal Age
10:23 Double-Bit Axe
10:39 Horse Collar
15:25 Scale Barding Armor
ELEG | perseo_777
6:01 Loom
8:07 Feudal Age
9:10 Double-Bit Axe
13:12 Fletching
18:40 Padded Archer Armor
ELEG | Lucho
8:18 Loom
10:45 Feudal Age
14:23 Castle Age
13:04 Double-Bit Axe
15:22 Bloodlines
16:38 Husbandry
18:00 Scale Barding Armor
ELEG | Kynby
5:49 Loom
8:48 Feudal Age
9:38 Double-Bit Axe
10:05 Horse Collar
17:34 Gold Mining
MEERIYEINMMD
6:29 Loom
9:58 Feudal Age
Connection lost

Rejoining the realm…

Still unreachable

The connection could not be restored.

Session expired

The server has moved on; the page needs a fresh start.